 Dungeon Sprint DCSS version 0.19.0-2-gae57169 (webtiles) character file.

1758 LORDOFBUTT the Severer (level 8, -3/86 HPs)
             Began as a Minotaur Berserker on Nov 4, 2016.
             Was an Elder of Trog.
             Slain by a demonic crawler (10 damage)
             ... in the Dungeon (Sprint I: "Red Sonja").
             The game lasted 00:01:50 (971 turns).

LORDOFBUTT the Severer (Minotaur Berserker)          Turns: 971, Time: 00:01:51

Health: -3/86      AC:  3    Str: 23    XL:     8   Next: 79%
Magic:  7/7        EV: 16    Int:  4    God:    Trog [****..]
Gold:   405        SH:  0    Dex: 11    Spells: 0 memorised, 7 levels left

rFire  . . .     SeeInvis .     a - +0 hand axe
rCold  . . .     Gourm    .     b - +0 animal skin
rNeg   . . .     Faith    .     (no shield)
rPois  .         Spirit   .     (helmet restricted)
rElec  .         Reflect  .     j - +0 cloak
rCorr  .         Harm     .     (no gloves)
MR     .....     NoTele   +     (no boots)
Stlth  ++........               (no amulet)
                                (no ring)
                                (no ring)

@: exhausted, slowed, very slow
A: retaliatory headbutt, horns 2
a: Berserk, Trog's Hand, Brothers in Arms, Burn Spellbooks, Renounce Religion


You were in the Dungeon.
You worshipped Trog.
Trog was greatly pleased with you.
You were not hungry.

You visited 1 branch You collected 405 gold pieces.

Inventory:

Hand Weapons
 a - a +0 hand axe (weapon)
Armour
 b - a +0 animal skin (worn)
 j - a +0 cloak (worn)
Scrolls
 i - a scroll of blinking
Potions
 d - a potion of curing
 f - a potion of haste
 g - 2 potions of magic
 h - 3 potions of berserk rage
Comestibles
 c - 2 bread rations


   Skills:
 + Level 13.5 Fighting
 + Level 15.4 Axes
 + Level 7.0 Armour
 + Level 7.8 Dodging
 + Level 2.3 Stealth


You had 7 spell levels left.
You didn't know any spells.

Dungeon Overview and Level Annotations

Branches:
Dungeon (1/1)

Altars:
Cheibriados
Dithmenos
Elyvilon
Fedhas
Gozag
Hepliaklqana
Kikubaaqudgha
Makhleb
Nemelex Xobeh
Okawaru
Qazlal
Ru
Sif Muna
Trog
Uskayaw
Vehumet
Xom
Yredelemnul
Zin
The Shining One
Jiyva
Lugonu

Shops:
D }


Innate Abilities, Weirdness & Mutations

You reflexively headbutt those who attack you in melee.
You have a pair of horns on your head.


Message History

You kill the demonic crawler!
Trog accepts your kill.
You are no longer berserk.
You are exhausted.
You feel yourself slow down. The demonic crawler barely misses you.
The demonic crawler hits you but does no damage.
The demonic crawler hits you.
* * * LOW HITPOINT WARNING * * *
The demonic crawler barely misses you. The demonic crawler hits you!
* * * LOW HITPOINT WARNING * * *
The demonic crawler barely misses you.
There is an open door, spattered with blood here.
You see here a demonic crawler corpse.
You feel much better. The demonic crawler hits you.
* * * LOW HITPOINT WARNING * * *
The demonic crawler hits you!
* * * LOW HITPOINT WARNING * * *
The demonic crawler barely misses you. The demonic crawler closely misses you.
The demonic crawler hits you!
You die...

######################
..').#..'..#__#.@s)..#
).#..').#..'..'.s#)..##+#
####'#####'#__####...'..#
###..#...#.####§$#####..+
__####..##.#≈§§§c ##
_____##'#..+≈≈§§
_.∩...'..._#≈§§§c#
_..__##_.#'##+####
_____###+#.#


You could see 2 demonic crawlers.

Vanquished Creatures
  2 kobold demonologists (D)
  2 demonic crawlers (D)
  A slime creature (D)
  Sigmund (D)
  A yak (D)
  A floating eye (D)
  An ogre (D)
  A jelly (D)
  Ijyb (D)
11 creatures vanquished.

Vanquished Creatures (others)
  A gargoyle (D)
1 creature vanquished.

Grand Total: 12 creatures vanquished

Notes
Turn   | Place    | Note
-------+----------+-------------------------------------------
     0 | D        | LORDOFBUTT the Minotaur Berserker began the quest for the Orb.
     0 | D        | Reached XP level 1. HP: 19/19 MP: 0/0
     2 | D        | Noticed Ijyb
    11 | D        | Killed Ijyb
    11 | D        | Reached skill level 5 in Fighting
    11 | D        | Reached skill level 5 in Axes
    11 | D        | Reached XP level 2. HP: 25/29 MP: 1/1
    51 | D        | Noticed an ogre
    57 | D        | Killed an ogre
    57 | D        | Reached skill level 7 in Axes
    57 | D        | Reached XP level 3. HP: 9/40 MP: 2/2
    57 | D        | Reached XP level 4. HP: 11/48 MP: 3/3
   256 | D        | Noticed Sigmund
   266 | D        | Killed Sigmund
   266 | D        | Reached ** piety under Trog
   266 | D        | Reached skill level 10 in Axes
   266 | D        | Reached skill level 5 in Armour
   266 | D        | Reached XP level 5. HP: 29/58 MP: 4/4
   431 | D        | Found a deep blue altar of Sif Muna.
   433 | D        | Found a radiant altar of Vehumet.
   435 | D        | Reached skill level 5 in Dodging
   435 | D        | Reached XP level 6. HP: 65/66 MP: 5/5
   441 | D        | Found a viscous altar of Jiyva.
   441 | D        | Found a corrupted altar of Lugonu.
   441 | D        | Noticed a slime creature
   442 | D        | Found a burning altar of Makhleb.
   442 | D        | Found a shimmering altar of Xom.
   449 | D        | Killed a slime creature
   449 | D        | Reached skill level 11 in Axes
   449 | D        | Reached skill level 1 in Stealth
   458 | D        | Found Fasust's Gadget Emporium.
   458 | D        | Found an ancient bone altar of Kikubaaqudgha.
   458 | D        | Found a hazy altar of Hepliaklqana.
   458 | D        | Found a stormy altar of Qazlal.
   458 | D        | Found a hide-covered altar of Uskayaw.
   458 | D        | Found a blossoming altar of Fedhas.
   458 | D        | Found a bloodstained altar of Trog.
   458 | D        | Found an iron altar of Okawaru.
   458 | D        | Found a basalt altar of Yredelemnul.
   458 | D        | Found a glowing golden altar of the Shining One.
   458 | D        | Found a snail-covered altar of Cheibriados.
   458 | D        | Found a sacrificial altar of Ru.
   458 | D        | Found a glowing silver altar of Zin.
   458 | D        | Found a shadowy altar of Dithmenos.
   458 | D        | Found a white marble altar of Elyvilon.
   458 | D        | Noticed a yak
   470 | D        | HP: 1/68 [yak (11)]
   471 | D        | Killed a yak
   471 | D        | Reached skill level 12 in Axes
   471 | D        | Reached XP level 7. HP: 2/74 MP: 6/6
   472 | D        | Found an opulent altar of Gozag.
   799 | D        | Found a sparkling altar of Nemelex Xobeh.
   876 | D        | Noticed a centaur warrior
   876 | D        | Noticed a centaur warrior
   892 | D        | Killed a gargoyle
   900 | D        | Noticed a kobold demonologist
   901 | D        | Noticed a kobold demonologist
   902 | D        | Noticed a red devil
   904 | D        | Reached *** piety under Trog
   904 | D        | Reached skill level 13 in Axes
   909 | D        | Killed a kobold demonologist
   916 | D        | Killed a kobold demonologist
   916 | D        | Reached **** piety under Trog
   916 | D        | Reached skill level 14 in Axes
   916 | D        | Reached XP level 8. HP: 85/85 MP: 7/7
   952 | D        | Noticed a demonic crawler
   952 | D        | Noticed a demonic crawler
   952 | D        | Noticed a demonic crawler
   952 | D        | Noticed a demonic crawler
   960 | D        | Killed a demonic crawler
   960 | D        | Reached skill level 15 in Axes
   968 | D        | Killed a demonic crawler
   971 | D        | Slain by a demonic crawler

Skill      XL: |  1  2  3  4  5  6  7  8 |
---------------+-------------------------+-----
Fighting       | 5 7 9 11 12 13 | 13.5
Axes           | 5 7 10 12 14 15 | 15.4
Armour         | 3 4 5 6 7 |  7.0
Dodging        | 3 4 5 6 7 |  7.8
Stealth        | 1 2 |  2.3

Action                   |  1- 3 |  4- 6 |  7- 9 || total
-------------------------+-------+-------+-------++-------
Melee: Hand axe          |    14 |    30 |    24 ||    68
       Headbutt          |     5 |     7 |     4 ||    16
Invok: Berserk           |       |       |     2 ||     2
  Use: Potion            |       |       |     1 ||     1
  Eat: Bread ration      |       |       |     1 ||     1
Armor: Animal skin       |     2 |       |     6 ||     8
Dodge: Dodged            |     8 |    11 |    29 ||    48
